ITL
HAVANA ROLLERS @ INDIANA HOUNDS
08/10/2030
 
TOP OF THE 1ST
Havana Rollers batting - Pitching for Indiana Hounds : RHP Juan Baca
Pitching: RHP Juan Baca
Batting: LHB Mario Olivares 0-0: Ball
1-0: Called Strike
1-1: Ball
2-1: Ball
3-1: SINGLE (Groundball, 6D)
Batting: RHB Ken MacDonald Pickoff Throw to First - Out!
0-0: Ball
1-0: Called Strike
1-1: Foul Ball, location: 2F
1-2: Foul Ball, location: 2F
1-2: Strikes out swinging
Batting: RHB Brant Sherman 0-0: Ball
1-0: Ball
2-0: Fly out, F8 (Flyball, 78XD)
Top of the 1st over - 0 runs, 1 hit, 0 errors, 0 left on base; Havana 0 - Indiana 0
BOTTOM OF THE 1ST
Indiana Hounds batting - Pitching for Havana Rollers : RHP Bob Holland
Pitching: RHP Bob Holland
Batting: RHB Henry Haines 0-0: Foul Ball, location: 2F
0-1: Foul Ball, location: 2F
0-2: Ball
1-2: Foul Ball, location: 2F
1-2: Strikes out swinging
Batting: RHB Felipe Rodríguez 0-0: Called Strike
0-1: Called Strike
0-2: Strikes out swinging
Batting: RHB Marlon Hernández 0-0: Ball
1-0: Foul Ball, location: 2F
1-1: Foul Ball, location: 2F
1-2: Fly out, F9 (Flyball, 9S)
Bottom of the 1st over - 0 runs, 0 hits, 0 errors, 0 left on base; Havana 0 - Indiana 0
TOP OF THE 2ND
Havana Rollers batting - Pitching for Indiana Hounds : RHP Juan Baca
Batting: RHB Soshu Nakamura 0-0: Ball
1-0: Ball
2-0: Ball
3-0: Called Strike
3-1: Foul Ball, location: 2F
3-2: Foul Ball, location: 2F
3-2: Fly out, F8 (Flyball, 8LXD)
Batting: RHB Bill Little 0-0: Called Strike
0-1: Ball
1-1: DOUBLE (Flyball, 89XD)
Batting: LHB Shiro Ueno 0-0: Called Strike
0-1: Ball
1-1: Ball
2-1: Ball
3-1: Foul Ball, location: 2F
3-2: Base on Balls
Batting: RHB Paul Bailey 0-0: Called Strike
0-1: Ball
1-1: Foul Ball, location: 2F
1-2: Foul Ball, location: 2F
1-2: Foul Ball, location: 2F
1-2: Ball
2-2: Strikes out looking
Batting: RHB Luis Aguilar 0-0: Called Strike
0-1: Swinging Strike
0-2: Ball
1-2: Foul Ball, location: 2F
1-2: Ball
2-2: Strikes out swinging
Top of the 2nd over - 0 runs, 1 hit, 0 errors, 2 left on base; Havana 0 - Indiana 0
BOTTOM OF THE 2ND
Indiana Hounds batting - Pitching for Havana Rollers : RHP Bob Holland
Batting: RHB Domingo Romero 0-0: Swinging Strike
0-1: Foul Ball, location: 2F
0-2: Ball
1-2: Foul Ball, location: 2F
1-2: Ball
2-2: Foul Ball, location: 2F
2-2: Ball
3-2: DOUBLE (Line Drive, 7D)
Batting: RHB Víctor Márquez 0-0: Swinging Strike
0-1: Foul Ball, location: 2F
0-2: Ball
1-2: Ground out 1-3 (Groundball, 13S)
Domingo Romero to third
Batting: LHB Juan Vásquez 0-0: Ball
1-0: Ball
2-0: Called Strike
2-1: Swinging Strike
2-2: SINGLE (Groundball, 4MS) (infield hit)
Domingo Romero scores
Batting: RHB Roberto Cardona 0-0: Ball
1-0: Called Strike
Juan Vásquez is caught stealing 2nd base
1-1: Ground out 6-3 (Groundball, 6)
Bottom of the 2nd over - 1 run, 2 hits, 0 errors, 0 left on base; Havana 0 - Indiana 1
TOP OF THE 3RD
Havana Rollers batting - Pitching for Indiana Hounds : RHP Juan Baca
Batting: RHB Mitsuharu Matsumoto 0-0: Ball
1-0: Ball
2-0: DOUBLE (Groundball, 5L)
Batting: LHB Mario Olivares 0-0: Ball
1-0: Ball
2-0: Called Strike
2-1: Ball
3-1: SINGLE (Groundball, 34D)
Mitsuharu Matsumoto to third
Batting: RHB Ken MacDonald 0-0: Ball
1-0: Ball
2-0: Foul Ball, location: 2F
2-1: SINGLE (Flyball, 8LS)
Mitsuharu Matsumoto scores
Mario Olivares to second
Batting: RHB Brant Sherman 0-0: Ball
1-0: Fly out, F8 (Flyball, 8LXD)
Runner from 2nd tags up, SAFE at 3rd, no throw
Batting: RHB Soshu Nakamura 0-0: Ball
1-0: Foul Ball, location: 2F
1-1: Foul Ball, location: 2F
1-2: Foul Ball, location: 2F
1-2: Strikes out swinging
Batting: RHB Bill Little 0-0: Ball
Ken MacDonald is caught stealing 2nd base
Top of the 3rd over - 1 run, 3 hits, 0 errors, 1 left on base; Havana 1 - Indiana 1
BOTTOM OF THE 3RD
Indiana Hounds batting - Pitching for Havana Rollers : RHP Bob Holland
Batting: RHB Octávio Zúñiga 0-0: Called Strike
0-1: Ball
1-1: Called Strike
1-2: Ball
2-2: Ball
3-2: Strikes out looking
Batting: RHB Anastasio Movonda 0-0: Called Strike
0-1: Foul Ball, location: 2F
0-2: Strikes out swinging
Batting: RHB Henry Haines 0-0: Called Strike
0-1: Swinging Strike
0-2: Foul Ball, location: 2F
0-2: Ball
1-2: Fly out, F8 (Flyball, 8LD)
Bottom of the 3rd over - 0 runs, 0 hits, 0 errors, 0 left on base; Havana 1 - Indiana 1
TOP OF THE 4TH
Havana Rollers batting - Pitching for Indiana Hounds : RHP Juan Baca
Batting: RHB Bill Little 0-0: Ball
1-0: Ball
2-0: Swinging Strike
2-1: SINGLE (Line Drive, 56)
Batting: LHB Shiro Ueno 0-0: Foul Ball, location: 2F
0-1: Ball
1-1: Ball
2-1: Ball
3-1: SINGLE (Groundball, 34D)
Bill Little to second
Runner from 2nd tries for 3rd, SAFE, no throw
Batting: RHB Paul Bailey 0-0: Ball
1-0: Foul Ball, location: 2F
1-1: Grounds into double play, 4-6-3 (Groundball, 34)
Bill Little scores
Batting: RHB Luis Aguilar 0-0: Called Strike
0-1: Swinging Strike
0-2: Foul Ball, location: 2F
0-2: Foul Ball, location: 2F
0-2: Ball
1-2: Ground out 5-3 (Groundball, 56)
Top of the 4th over - 1 run, 2 hits, 0 errors, 0 left on base; Havana 2 - Indiana 1
BOTTOM OF THE 4TH
Indiana Hounds batting - Pitching for Havana Rollers : RHP Bob Holland
Batting: RHB Felipe Rodríguez 0-0: Called Strike
0-1: Foul Ball, location: 2F
0-2: DOUBLE (Flyball, 89XD)
Batting: RHB Marlon Hernández 0-0: Foul Ball, location: 2F
0-1: Called Strike
0-2: Strikes out looking
Batting: RHB Domingo Romero 0-0: Ball
1-0: Swinging Strike
1-1: Foul Ball, location: 2F
1-2: Ball
2-2: Ball
3-2: Fly out, F8 (Flyball, 89M)
Batting: RHB Víctor Márquez 0-0: Ball
1-0: Ball
2-0: Foul Ball, location: 2F
2-1: SINGLE (Line Drive, 6M)
Felipe Rodríguez to third
Runner from 3rd tries for Home, SAFE, no throw
Batting: LHB Juan Vásquez 0-0: TRIPLE (Groundball, 3L)
Víctor Márquez scores
Batting: RHB Roberto Cardona 0-0: Fly out, F8 (Flyball, 8LS)
Bottom of the 4th over - 2 runs, 3 hits, 0 errors, 1 left on base; Havana 2 - Indiana 3
TOP OF THE 5TH
Havana Rollers batting - Pitching for Indiana Hounds : RHP Juan Baca
Batting: RHB Mitsuharu Matsumoto 0-0: SINGLE (Flyball, 8LS)
Batting: LHB Mario Olivares 0-0: Ball
1-0: Fielders Choice at 2nd, 4-6 (Groundball, 4)
Batting: RHB Ken MacDonald 0-0: Ball
1-0: Called Strike
1-1: Swinging Strike
1-2: Strikes out swinging
Batting: RHB Brant Sherman 0-0: Called Strike
0-1: Ball
1-1: Ball
2-1: Called Strike
2-2: Foul Ball, location: 2F
2-2: Foul Ball, location: 2F
2-2: Foul Ball, location: 2F
2-2: Ball
Mario Olivares steals 2nd base
3-2: Foul Ball, location: 2F
3-2: Base on Balls
Batting: RHB Soshu Nakamura 0-0: Called Strike
0-1: Ball
1-1: Swinging Strike
1-2: Foul Ball, location: 2F
1-2: Ball
2-2: Foul Ball, location: 2F
2-2: Foul Ball, location: 2F
2-2: Ball
3-2: Base on Balls
Mario Olivares to third
Brant Sherman to second
Pitching: RHP Ignacio Medina
Batting: RHB Bill Little 0-0: Ball
1-0: Ball
2-0: Ball
3-0: Base on Balls
Mario Olivares scores
Brant Sherman to third
Soshu Nakamura to second
Batting: LHB Shiro Ueno 0-0: Foul Ball, location: 2F
0-1: Ball
1-1: Foul Ball, location: 2F
Balk!
Brant Sherman scores
Soshu Nakamura to third
Bill Little to second
1-2: Strikes out swinging
Top of the 5th over - 2 runs, 1 hit, 0 errors, 2 left on base; Havana 4 - Indiana 3
BOTTOM OF THE 5TH
Indiana Hounds batting - Pitching for Havana Rollers : RHP Bob Holland
Batting: RHB Octávio Zúñiga 0-0: Called Strike
0-1: Ball
1-1: Swinging Strike
1-2: SINGLE (Groundball, 34D)
Batting: RHB Anastasio Movonda 0-0: SINGLE (Groundball, 6MD)
Octávio Zúñiga to second
Runner from 2nd tries for 3rd, SAFE, no throw
Batting: RHB Henry Haines 0-0: Ball
1-0: Ball
2-0: Swinging Strike
2-1: Called Strike
2-2: Strikes out looking
Batting: RHB Felipe Rodríguez 0-0: Ball
1-0: Called Strike
1-1: Ball
2-1: Ground out 6-3 (Groundball, 6S)
Octávio Zúñiga scores
Anastasio Movonda to second
Batting: RHB Marlon Hernández 0-0: Ball
Wild Pitch!
Anastasio Movonda to third
1-0: Ball
2-0: Called Strike
2-1: Ball
3-1: Base on Balls
Batting: RHB Domingo Romero 0-0: Ball
1-0: Ball
2-0: Ball
3-0: Called Strike
3-1: Foul Ball, location: 2F
3-2: Ground out 4-3 (Groundball, 4)
Bottom of the 5th over - 1 run, 2 hits, 0 errors, 2 left on base; Havana 4 - Indiana 4
TOP OF THE 6TH
Havana Rollers batting - Pitching for Indiana Hounds : RHP Ignacio Medina
Batting: RHB Paul Bailey 0-0: Called Strike
0-1: Ball
1-1: Ball
2-1: Ground out U3 (Groundball, 3)
Batting: RHB Luis Aguilar 0-0: Ball
1-0: Ball
2-0: Ball
3-0: Called Strike
3-1: Base on Balls
Batting: RHB Mitsuharu Matsumoto 0-0: Called Strike
0-1: Ball
1-1: Ball
2-1: Ball
3-1: Base on Balls
Luis Aguilar to second
Batting: LHB Mario Olivares 0-0: Grounds out, U3 (Groundball, 3L)
Luis Aguilar to third
Batting: RHB Ken MacDonald 0-0: Ball
1-0: Called Strike
1-1: Ball
2-1: Foul Ball, location: 2F
2-2: Ball
3-2: Foul Ball, location: 2F
3-2: Strikes out looking
Top of the 6th over - 0 runs, 0 hits, 0 errors, 2 left on base; Havana 4 - Indiana 4
BOTTOM OF THE 6TH
Indiana Hounds batting - Pitching for Havana Rollers : RHP Bob Holland
Batting: RHB Víctor Márquez 0-0: Ball
1-0: Fly out, F5 (Line Drive, 56)
Batting: LHB Juan Vásquez 0-0: Foul Ball, location: 2F
0-1: Ball
1-1: Ball
2-1: Ball
3-1: Called Strike
3-2: SINGLE (Groundball, 4MD)
Batting: RHB Roberto Cardona 0-0: Ball
Juan Vásquez steals 2nd base
1-0: Ball
2-0: Ball
3-0: Called Strike
3-1: Fly out, F2 (Popup, 23F)
Pitching: RHP Fernando Castillo
Batting: RHB Octávio Zúñiga 0-0: Ball
1-0: Called Strike
1-1: Ball
2-1: Swinging Strike
2-2: Strikes out swinging
Bottom of the 6th over - 0 runs, 1 hit, 0 errors, 1 left on base; Havana 4 - Indiana 4
TOP OF THE 7TH
Havana Rollers batting - Pitching for Indiana Hounds : RHP Ignacio Medina
Batting: RHB Brant Sherman 0-0: Called Strike
0-1: Ground out 2-3 (Groundball, 2L)
Batting: RHB Soshu Nakamura 0-0: Called Strike
0-1: Foul Ball, location: 2F
0-2: Ball
1-2: Strikes out swinging
Batting: RHB Bill Little 0-0: Ball
1-0: Foul Ball, location: 2F
1-1: Ground out 4-3 (Groundball, 4S)
Top of the 7th over - 0 runs, 0 hits, 0 errors, 0 left on base; Havana 4 - Indiana 4
BOTTOM OF THE 7TH
Indiana Hounds batting - Pitching for Havana Rollers : RHP Fernando Castillo
Pinch Hitting: RHB Juan Jose Guevana 0-0: Called Strike
0-1: Ball
1-1: Ball
2-1: SINGLE (Line Drive, 7S)
Batting: RHB Henry Haines 0-0: Called Strike
0-1: Ball
1-1: Ball
2-1: Ball
3-1: Grounds into double play, 6-4-3 (Groundball, 6)
Batting: RHB Felipe Rodríguez 0-0: Fly out, F9 (Flyball, 9LS)
Bottom of the 7th over - 0 runs, 1 hit, 0 errors, 0 left on base; Havana 4 - Indiana 4
TOP OF THE 8TH
Havana Rollers batting - Pitching for Indiana Hounds : RHP Ignacio Medina
Pitching: LHP Ricardo Vargas
Now at 2B: Júlio Contreras
Batting: LHB Shiro Ueno 0-0: Called Strike
0-1: Ball
1-1: Ground out 6-3 (Groundball, 6S)
Batting: RHB Paul Bailey 0-0: SINGLE (Groundball, 5D)
Pinch Runner at 1st Marvin Nichols:
Batting: RHB Luis Aguilar 0-0: Ball
1-0: Foul Ball, location: 2F
1-1: Called Strike
1-2: Ball
2-2: Strikes out swinging
Batting: RHB Mitsuharu Matsumoto 0-0: Ball
1-0: Ball
2-0: Called Strike
2-1: SINGLE (Line Drive, 7S)
Marvin Nichols to second
Pinch Hitting: SHB Yasuhiro Ikarashi 0-0: Ball
1-0: Called Strike
1-1: Fielders Choice at 2nd, U6 (Groundball, 6M)
Top of the 8th over - 0 runs, 2 hits, 0 errors, 2 left on base; Havana 4 - Indiana 4
BOTTOM OF THE 8TH
Indiana Hounds batting - Pitching for Havana Rollers : RHP Fernando Castillo
Now in CF: Marvin Nichols
Now in RF: Yasuhiro Ikarashi
Batting: RHB Marlon Hernández 0-0: Called Strike
0-1: Ball
1-1: Fly out, F9 (Line Drive, 9S)
Batting: RHB Domingo Romero 0-0: Swinging Strike
0-1: Foul Ball, location: 2F
0-2: Ball
1-2: Ball
2-2: Strikes out looking
Batting: RHB Víctor Márquez 0-0: Ball
1-0: Foul Ball, location: 2F
1-1: Called Strike
1-2: Foul Ball, location: 2F
1-2: Ball
2-2: Foul Ball, location: 2F
2-2: Foul Ball, location: 2F
2-2: Strikes out swinging, 2-3 out at first.
Bottom of the 8th over - 0 runs, 0 hits, 0 errors, 0 left on base; Havana 4 - Indiana 4
TOP OF THE 9TH
Havana Rollers batting - Pitching for Indiana Hounds : LHP Ricardo Vargas
Pinch Hitting: RHB Brian Jackson 0-0: Called Strike
0-1: Ball
1-1: Ball
2-1: Called Strike
2-2: Ball
3-2: Strikes out swinging
Batting: RHB Brant Sherman 0-0: Foul Ball, location: 2F
0-1: Called Strike
0-2: Strikes out swinging
Batting: RHB Soshu Nakamura 0-0: Ball
1-0: Foul Ball, location: 2F
1-1: Foul Ball, location: 2F
1-2: Ball
2-2: Fly out, F7 (Flyball, 7)
Top of the 9th over - 0 runs, 0 hits, 0 errors, 0 left on base; Havana 4 - Indiana 4
BOTTOM OF THE 9TH
Indiana Hounds batting - Pitching for Havana Rollers : RHP Fernando Castillo
Now at 3B: Chad Case
Batting: LHB Juan Vásquez 0-0: Ball
1-0: Ball
2-0: Fly out, F6 (Line Drive, 6)
Batting: RHB Roberto Cardona 0-0: Called Strike
0-1: Ball
1-1: Ball
2-1: Foul Ball, location: 2F
2-2: Foul Ball, location: 2F
2-2: SINGLE (Flyball, 3D)
Batting: RHB Octávio Zúñiga 0-0: Foul Ball, location: 2F
0-1: Foul Ball, location: 2F
0-2: Strikes out looking
Pinch Hitting: LHB Manny Hernández 0-0: Called Strike
0-1: Ball
1-1: Fly out, F6 (Popup, 6)
Bottom of the 9th over - 0 runs, 1 hit, 0 errors, 1 left on base; Havana 4 - Indiana 4
TOP OF THE 10TH
Havana Rollers batting - Pitching for Indiana Hounds : LHP Ricardo Vargas
Pitching: RHP Ernesto Beltrán
Now at SS: Remi Eruzione
Batting: RHB Bill Little 0-0: SINGLE (Flyball, 8RS)
Batting: LHB Shiro Ueno 0-0: Fly out, F8 (Line Drive, 78M)
Pinch Hitting: LHB Enrique Cortéz 0-0: SINGLE (Groundball, 4MD)
Bill Little to second
Batting: RHB Luis Aguilar 0-0: Fly out, F9 (Flyball, 9S)
Batting: RHB Mitsuharu Matsumoto 0-0: Swinging Strike
0-1: Ball
1-1: SINGLE (Flyball, 6MD)
Bill Little to third
Enrique Cortéz to second
Runner from 3rd tries for Home, SAFE, no throw
Batting: SHB Yasuhiro Ikarashi 0-0: Ground out 4-3 (Groundball, 4)
Top of the 10th over - 1 run, 3 hits, 0 errors, 2 left on base; Havana 5 - Indiana 4
BOTTOM OF THE 10TH
Indiana Hounds batting - Pitching for Havana Rollers : RHP Fernando Castillo
Now in RF: Enrique Cortéz
Batting: RHB Henry Haines 0-0: Called Strike
0-1: Foul Ball, location: 2F
0-2: Foul Ball, location: 2F
0-2: Ball
1-2: Ground out 5-3 (Groundball, 56)
Batting: RHB Felipe Rodríguez 0-0: Ball
1-0: Ball
2-0: Ball
3-0: Base on Balls
Pinch Runner at 1st Manuel Alonso:
Batting: RHB Marlon Hernández 0-0: Called Strike
0-1: Foul Ball, location: 2F
0-2: SINGLE (Groundball, 34D)
Manuel Alonso to second
Runner from 2nd tries for 3rd, SAFE, no throw
Pitching: RHP Kel Meyer
Batting: RHB Domingo Romero 0-0: Called Strike
0-1: Fly out, F9 (Line Drive, 9LM)
Runner from 3rd tags up, SCORES, throw made
Batting: RHB Víctor Márquez 0-0: Ball
1-0: Ball
2-0: Fly out, F8 (Flyball, 78M)
Bottom of the 10th over - 1 run, 1 hit, 0 errors, 1 left on base; Havana 5 - Indiana 5
TOP OF THE 11TH
Havana Rollers batting - Pitching for Indiana Hounds : RHP Ernesto Beltrán
Pitching: RHP Danny Lee
Batting: RHB Chad Case 0-0: Called Strike
0-1: Ball
1-1: Foul Ball, location: 2F
1-2: Strikes out swinging
Batting: RHB Brant Sherman 0-0: Ball
1-0: Ball
2-0: Ball
3-0: Ground out 5-3 (Groundball, 5)
Batting: RHB Soshu Nakamura 0-0: Called Strike
0-1: Called Strike
0-2: Ball
1-2: Ball
2-2: Foul Ball, location: 2F
2-2: Strikes out swinging
Top of the 11th over - 0 runs, 0 hits, 0 errors, 0 left on base; Havana 5 - Indiana 5
BOTTOM OF THE 11TH
Indiana Hounds batting - Pitching for Havana Rollers : RHP Kel Meyer
Batting: LHB Juan Vásquez 0-0: Ground out 5-3 (Groundball, 56)
Batting: RHB Roberto Cardona 0-0: Called Strike
0-1: Ball
1-1: Ball
2-1: SINGLE (Groundball, 34D)
Batting: RHB Octávio Zúñiga 0-0: Ball
1-0: Fly out, F5 (Line Drive, 56)
Batting: RHB Remi Eruzione 0-0: Ball
1-0: Ball
2-0: Fly out, F8 (Flyball, 8LD)
Bottom of the 11th over - 0 runs, 1 hit, 0 errors, 1 left on base; Havana 5 - Indiana 5
TOP OF THE 12TH
Havana Rollers batting - Pitching for Indiana Hounds : RHP Danny Lee
Batting: RHB Bill Little 0-0: Ball
1-0: Ball
2-0: Ground out 6-3 (Groundball, 6)
Batting: LHB Shiro Ueno 0-0: Ball
1-0: Called Strike
1-1: Called Strike
1-2: Ball
2-2: Ball
3-2: Foul Ball, location: 2F
3-2: Base on Balls
Batting: LHB Enrique Cortéz 0-0: Foul Ball, location: 2F
0-1: Ball
1-1: Swinging Strike
1-2: Foul Ball, location: 2F
1-2: Strikes out swinging
Batting: RHB Luis Aguilar 0-0: SINGLE (Line Drive, 8RS)
Shiro Ueno to second
Batting: RHB Mitsuharu Matsumoto 0-0: Ball
1-0: Ball
2-0: Foul Ball, location: 2F
2-1: Ball
Wild Pitch!
Shiro Ueno to third
Luis Aguilar to second
3-1: Called Strike
3-2: Base on Balls
Batting: SHB Yasuhiro Ikarashi 0-0: Called Strike
0-1: Foul Ball, location: 2F
0-2: Strikes out looking
Top of the 12th over - 0 runs, 1 hit, 0 errors, 3 left on base; Havana 5 - Indiana 5
BOTTOM OF THE 12TH
Indiana Hounds batting - Pitching for Havana Rollers : RHP Kel Meyer
Batting: RHB Henry Haines 0-0: Swinging Strike
0-1: Foul Ball, location: 2F
0-2: Ball
1-2: Strikes out swinging
Batting: RHB Manuel Alonso 0-0: Fly out, F4 (Flyball, 34D)
Batting: RHB Marlon Hernández 0-0: Foul Ball, location: 2F
0-1: Ball
1-1: Foul Ball, location: 2F
1-2: Ball
2-2: SINGLE (Line Drive, 7S)
Batting: RHB Domingo Romero 0-0: Called Strike
0-1: Ball
1-1: Foul Ball, location: 2F
1-2: Strikes out swinging
Bottom of the 12th over - 0 runs, 1 hit, 0 errors, 1 left on base; Havana 5 - Indiana 5
TOP OF THE 13TH
Havana Rollers batting - Pitching for Indiana Hounds : RHP Danny Lee
Pitching: RHP Mike Meeks
Batting: RHB Chad Case 0-0: SINGLE (Groundball, 4D)
Batting: RHB Brant Sherman 0-0: Ball
1-0: Swinging Strike
1-1: Called Strike
1-2: Ball
2-2: Strikes out swinging
Batting: RHB Soshu Nakamura 0-0: Called Strike
0-1: Ball
1-1: Grounds into double play, 5-4-3 (Groundball, 56)
Top of the 13th over - 0 runs, 1 hit, 0 errors, 0 left on base; Havana 5 - Indiana 5
BOTTOM OF THE 13TH
Indiana Hounds batting - Pitching for Havana Rollers : RHP Kel Meyer
Pitching: RHP Nolan Baker
Batting: RHB Víctor Márquez 0-0: Ball
1-0: Ball
2-0: Called Strike
2-1: Ball
3-1: Foul Ball, location: 2F
3-2: Foul Ball, location: 2F
3-2: SINGLE (Line Drive, 3S)
Batting: LHB Juan Vásquez 0-0: DOUBLE (Line Drive, 8RXD)
Víctor Márquez to third
Batting: RHB Roberto Cardona 0-0: Ball
1-0: Fly out, F7 (Line Drive, 7S)
Runner from 3rd tags up, SCORES, no throw
Saturday, April 7th, 2018 - OOTP Baseball 18.8 Build 76